 Dungeon Crawl Stone Soup version 0.24.0-2-g5b39cebb1c (webtiles) character file.

Game seed: 6067335241909908290, levelgen mode: deterministic

194525 ventricule the Tortoise (level 17, -3/162 HPs)
             Began as a Deep Dwarf Fighter on Oct 29, 2019.
             Was the Champion of Makhleb.
             Slain by a slime creature (10 damage)
             ... on level 3 of the Pits of Slime.
             The game lasted 01:07:07 (22649 turns).

ventricule the Tortoise (Deep Dwarf Fighter)       Turns: 22649, Time: 01:07:08

Health: -3/162     AC:  5    Str: 26    XL:     17   Next: 68%
Magic:  16/16 (7)  EV: 12    Int: 14    God:    Makhleb [******]
Gold:   2070       SH: 14    Dex: 11    Spells: 16/16 levels left

rFire    . . .     SeeInvis +   b - +7 broad axe (freeze)
rCold    + . .     Gourm    .   c - +0 shield
rNeg     + . .     Faith    .   W - +1 plate armour {MR+} {MR+}
rPois    .         Spirit   .   R - +2 helmet {Int+3} {Int+3}
rElec    .         Reflect  .   u - scarf {repulsion}
rCorr    .         Harm     .   y - +3 pair of gauntlets of War {Slay+5}
MR       ++++.     Rnd*Rage +   o - -3 pair of boots "Siutsyog" {rC+ MR+ Int+4 Slay+3} Stlth ..........Rnd*Tele +
                                j - amulet of rage
HPRegen  0.00/turn              S - ring of see invisible
MPRegen  0.15/turn              E - ring of magical power {MP+9}

@: corroded, non-regenerating, repel missiles
A: damage resistance, heal wounds, berserk 1, clumsy 1, dopey 1, negative energy
resistance 1, sense surroundings 2, teleportitis 2, no regeneration
}: 1/15 runes: gossamer
a: Heal Wounds, Minor Destruction, Lesser Servant of Makhleb, Major Destruction,
Greater Servant of Makhleb, Renounce Religion, Evoke Berserk Rage


You were on level 3 of the Pits of Slime.
You worshipped Makhleb.
Makhleb was exalted by your worship.
You were not hungry.

You visited 6 branches of the dungeon, and saw 31 of its levels.
You visited 1 bazaar.

You collected 2613 gold pieces.
You spent 543 gold pieces at shops.

Inventory:

Hand Weapons
 b - a +7 broad axe of freezing (weapon)
 X - a +1 eveningstar of draining
Missiles
 w - 9 atropa-tipped darts
 G - 3 throwing nets {=f}
 Q - 667 stones (quivered)
 T - 7 javelins
Armour
 c - a +0 shield (worn)
 o - the -3 pair of boots "Siutsyog" (worn) {rC+ MR+ Int+4 Slay+3}
   (You found it on level 1 of the Spider Nest)

   It affects your intelligence (+4).
   It affects your accuracy and damage with ranged weapons and melee attacks
   (+3).
   It protects you from cold.
   It affects your resistance to hostile enchantments.
 u - a scarf of repulsion (worn)
 y - the +3 pair of gauntlets of War (worn) {Slay+5}
   (You found it on level 7 of the Dungeon)

   It affects your accuracy and damage with ranged weapons and melee attacks
   (+5).
 R - a +2 helmet of intelligence (worn) {Int+3}
 U - a +1 cloak
 W - a +1 plate armour of magic resistance (worn) {MR+}
Jewellery
 j - an amulet of rage (around neck)
 r - a +1 ring of evasion
 E - a ring of magical power (right hand) {MP+9}
 F - an uncursed ring of fire {rF+, rC-}
 M - an uncursed ring of fire {rF+, rC-}
 S - a ring of see invisible (left hand)
Wands
 C - a wand of clouds (8)
 D - a wand of digging (5)
 J - a wand of iceblast (8)
 L - a wand of disintegration (26)
 Y - a wand of acid (14)
Scrolls
 d - 2 scrolls of amnesia
 f - 2 scrolls of fog
 g - 3 scrolls of fear
 i - 7 scrolls of identify
 t - 5 scrolls of teleportation
 v - a scroll of brand weapon
 x - a scroll of enchant weapon
 B - 4 scrolls of blinking {!r}
 H - 6 scrolls of magic mapping {!r}
 I - 3 scrolls of enchant armour
 K - a scroll of silence
 V - 4 scrolls of remove curse
Potions
 a - a potion of berserk rage {!q}
 h - 5 potions of haste
 k - 5 potions of invisibility
 l - 5 potions of heal wounds
 m - 3 potions of brilliance
 n - a potion of resistance
 p - 5 potions of ambrosia
 q - 2 potions of curing
 s - 5 potions of agility
 z - 3 potions of flight
 O - 2 potions of lignification {!q}
 Z - a potion of cancellation
Miscellaneous
 A - a phial of floods
Comestibles
 e - 25 rations


   Skills:
 + Level 12.9 Fighting
 + Level 16.6 Axes
 + Level 16.8 Armour
 - Level 8.7 Dodging
 - Level 15.0 Shields
 - Level 13.5 Invocations


You had 16 spell levels left.
You didn't know any spells.
Your spell library contained the following spells:

 Spells                   Type           Power        Failure   Level  Hunger
 Animate Skeleton         Necr           N/A          87%         1    ##.....
 Apportation              Tloc           #.....       87%         1    ##.....
 Beastly Appendage        Tmut           #.....       87%         1    ##.....
 Confusing Touch          Hex            #.....       87%         1    ##.....
 Corona                   Hex            #......      87%         1    ##.....
 Freeze                   Ice            #...         87%         1    ##.....
 Pain                     Necr           #...         87%         1    ##.....
 Summon Small Mammal      Summ           #...         87%         1    ##.....
 Ensorcelled Hibernation  Hex/Ice        #.....       95%         2    ###....
 Sticks to Snakes         Tmut           #.......     95%         2    ###....
 Throw Frost              Conj/Ice       #.....       95%         2    ###....
 Confuse                  Hex            #.......     99%         3    ####...
 Dazzling Spray           Conj/Hex       #.....       99%         3    ####...
 Mephitic Cloud           Conj/Pois/Air  #.......     99%         3    ####...
 Ozocubu's Armour         Chrm/Ice       #.......     99%         3    ####...
 Spider Form              Tmut/Pois      #.........   99%         3    ####...
 Tukima's Dance           Hex            #.......     99%         3    ####...
 Vampiric Draining        Necr           #.........   99%         3    ####...
 Animate Dead             Necr           N/A          100%        4    #####..
 Ice Form                 Ice/Tmut       #.......     100%        4    #####..
 Sticky Flame             Conj/Fire      #.......     100%        4    #####..
 Summon Ice Beast         Ice/Summ       #.......     100%        4    #####..
 Throw Icicle             Conj/Ice       #.......     100%        4    #####..
 Blade Hands              Tmut           #.........   100%        5    ######.
 Lightning Bolt           Conj/Air       #.........   100%        5    ######.
 Orb of Destruction       Conj           #.........   100%        7    #######
 Regeneration             Chrm/Necr      Unusable     N/A         3    N/A

Dungeon Overview and Level Annotations

Branches:
Dungeon (13/15)            Temple (0/1) D:7            Lair (5/6) D:9
  Swamp (3/4) Lair:3       Spider (4/4) Lair:2        Slime (4/5) Lair:5
    Orc (2/2) D:11            Elf (0/3) Orc:2        Vaults (0/5) D:13

Altars:
Ashenzari
Fedhas
Kikubaaqudgha
Makhleb
Ru
Beogh

Shops:
D:7 !   D:9 [   D:11 *   Orc:2 :((:


Innate Abilities, Weirdness & Mutations

You are resistant to damage.
You can heal yourself by infusing magical energy.
You resist negative energy. (rN+)
You passively map the area around you.
You do not regenerate.
You tend to lose your temper in combat.
You are clumsy. (Dex -2)
You are dopey. (Int -2)
You are sometimes teleported next to monsters.


Message History

* * * LOW HITPOINT WARNING * * *
Two slime creatures merge to form a very large slime creature.
The slime creature hits you!
* * * LOW HITPOINT WARNING * * *
A titanic slime creature splits.
You block the slime creature's attack. x2
You regained 14 hp, and now have 45/162 hp.
You now have 16/16 mp.
You slash the slime creature! You freeze the slime creature.
You kill the slime creature!
You feel better.
You hit the slime creature. You freeze the slime creature.
You hit the very large slime creature.
You freeze the very large slime creature.
You hit the slime creature. You freeze the slime creature.
You hit the very large slime creature.
You freeze the very large slime creature.
You barely miss the slime creature.
The very large slime creature hits you!!!
* * * LOW HITPOINT WARNING * * *
The slime creature hits you!
You die...

##.... .......>.........
*...#......>......>.....
##....#.................
.......................
* ......................
* #....................
,#...................
,##JJJJ....##.........
#.JJ@.....###........
#....J....#.#........#
*#.....<.#..... , ,, *
#........# ...., , ,
##.#.....# *#.#* , , *
........## * #*
##.##...# , * *
##*.....* ,, * , * , ,,


You could see 3 very large slime creatures, a large slime creature and 3 slime
creatures.

Levels and vault maps discovered:
D:1:      dpeg_arrival_arbitrary_a, layout_basic
D:2:      layout_basic
D:3:      layout_loops_ring, lemuel_doored_altar, first_ration
D:4:      layout_rooms, kennysheep_diamond, minmay_misc_feat_rows,
          chequers_serial_rivers_micro_b, nicolae_ru_awakened_eye, uniq_grinder,
          uniq_blork_the_orc, uniq_eustachio
D:5:      layout_basic, serial_park_tiny_pond, hangedman_decor_opposing
D:6:      layout_rooms, minitemple, nicolae_ossuary_entry_giza
D:7:      layout_loops_cross, minmay_temple_entry_hall, serial_shops,
          nicolae_shop_crystal, uniq_menkaure
D:8:      layout_basic, uniq_maurice, uniq_prince_ribbit1
D:9:      layout_roguey, lair_entry_dummy, serial_shops, nicolae_shop_crystal
D:10:     layout_basic, uniq_urug, uniq_josephine, uniq_erica
D:11:     layout_irregular_city, david_orc_4, serial_shops,
          nicolae_shop_waterfront
D:12:     layout_roguey
D:13:     layout_basic, david_vaults_1, serial_shops, bzr_entry_water,
          uniq_nessos
Lair:1:   layout_loops_ring, grunt_megastairs_5, serial_bayou_shore_b,
          lemuel_fruit_tree, infiniplex_staircase_pool, uniq_gastronok
Lair:2:   layout_chaotic_city, spider_nest_entry_funnel_web,
          minmay_another_anthill, serial_bayou_shore_a, grunt_megastairs_3
Lair:3:   layout_cave_pods, palyth_hydra_swamp_entry, grunt_megastairs_2
Lair:4:   nzn_motion_control, layout_hall_layers
Lair:5:   cheibrodos_lair_overgrown_chateau, layout_layer_cave, slime_dummy,
          nicolae_quartered_pool_little, lemuel_fruit_fields,
          lemuel_fruit_fields
Swamp:1:  layout_basic_swamp, nicolae_swamp_round_clearing
Swamp:2:  layout_basic_swamp, serial_swamp_ruin, evilmike_swamp_ruin_house_1,
          evilmike_swamp_ruin_rubble_1, evilmike_swamp_ruin_rubble_2,
          swamp_pool4
Swamp:3:  cheibrodos_swamp_mausoleum, layout_basic_swamp,
          hangedman_swamp_ruin_hall, swamp_pool3, uniq_aizul
Spider:1: nicolae_spider_mines_2, guppyfry_spider_mini_3
Spider:2: layout_spider_delve
Spider:3: layout_spider_delve, nicolae_spider_cling_halls, uniq_jorgrun,
          uniq_louise
Spider:4: spider_rune_water, nicolae_spider_nook
Slime:1:  layout_caves
Slime:2:  layout_caves
Slime:3:  layout_caves
Slime:4:  layout_caves
Orc:1:    layout_diamond_mine, serial_shops
Orc:2:    st_orc_pillars, layout_diamond_mine, nooodl_orcs_dogs, uniq_saint_roka

Notes
Turn   | Place    | Note
-------+----------+-------------------------------------------
     0 | D:1      | ventricule the Deep Dwarf Fighter began the quest for the
                  | Orb.
     0 | D:1      | Reached XP level 1. HP: 20/20 MP: 1/1
    91 | D:1      | Identified a +0 club
    94 | D:1      | Identified a +0 short sword
   102 | D:1      | Reached XP level 2. HP: 16/27 MP: 2/2
   328 | D:1      | Identified a +0 dagger
   367 | D:1      | Identified a +0 club
   422 | D:1      | Reached XP level 3. HP: 17/33 MP: 3/3
   609 | D:1      | Identified a +0 club
   618 | D:1      | Reached skill level 3 in Axes
   619 | D:1      | Identified a ring of intelligence (You found it on level 1
                  | of the Dungeon)
   760 | D:1      | Identified a +0 club
   862 | D:2      | Identified a +0 club
   868 | D:2      | Identified a +0 club
  1020 | D:2      | Reached skill level 4 in Shields
  1054 | D:2      | Reached skill level 4 in Armour
  1101 | D:2      | Identified a +0 helmet (You found it on level 1 of the
                  | Dungeon)
  1106 | D:2      | Identified a +0 pair of gloves (You found it on level 2 of
                  | the Dungeon)
  1111 | D:2      | Identified a scarf of repulsion (You found it on level 2 of
                  | the Dungeon)
  1163 | D:3      | Identified a ring of see invisible (You found it on level 3
                  | of the Dungeon)
  1164 | D:3      | Identified an amulet of rage (You found it on level 2 of
                  | the Dungeon)
  1177 | D:3      | Identified a +0 club
  1203 | D:4      | Identified a +0 battleaxe
  1203 | D:4      | Identified a +0 robe
  1203 | D:4      | Noticed Blork the orc
  1211 | D:4      | Killed Blork the orc
  1211 | D:4      | Reached XP level 4. HP: 40/40 MP: 4/4
  1273 | D:4      | Reached XP level 5. HP: 43/46 MP: 5/5
  1278 | D:4      | Identified a scroll of remove curse
  1279 | D:4      | Identified a scroll of amnesia
  1280 | D:4      | Identified 2 scrolls of immolation
  1281 | D:4      | Identified 3 scrolls of identify
  1281 | D:4      | Identified a potion of ambrosia
  1282 | D:4      | Identified 2 scrolls of magic mapping
  1283 | D:4      | Identified a scroll of noise
  1317 | D:5      | Entered Level 5 of the Dungeon
  1317 | D:5      | Identified a +0 dagger
  1317 | D:5      | Identified a +0 robe
  1317 | D:5      | Identified a +0 club
  1317 | D:5      | Identified a +0 club
  1320 | D:5      | Identified a +0 short sword
  1320 | D:5      | Identified a +0 leather armour
  1326 | D:5      | Identified a cursed +0 shortbow
  1326 | D:5      | Noticed a centaur
  1337 | D:5      | Killed a centaur
  1337 | D:5      | Reached skill level 4 in Axes
  1337 | D:5      | Reached skill level 5 in Armour
  1337 | D:5      | Reached skill level 5 in Shields
  1340 | D:5      | Reached XP level 6. HP: 17/55 MP: 6/6
  1385 | D:6      | Identified a +0 dagger
  1385 | D:6      | Identified a +0 robe
  1385 | D:6      | Identified a cursed -2 dagger
  1385 | D:6      | Identified a cursed +0 robe
  1385 | D:6      | Identified a +0 leather armour
  1423 | D:5      | Identified a +0 flail
  1424 | D:5      | Identified a +0 whip
  1425 | D:5      | Identified a +0 spear
  1447 | D:5      | HP: 13/55 [gnoll/+0 flail (1)]
  1457 | D:5      | Reached skill level 5 in Axes
  1511 | D:6      | Found a sand-covered staircase.
  1516 | D:6      | HP: 11/55 [mummy (7)]
  1641 | D:6      | HP: 13/55 [phantom (5)]
  1653 | D:6      | Reached XP level 7. HP: 44/61 MP: 4/4
  1666 | D:6      | Identified a +0 giant spiked club
  1674 | D:6      | Reached skill level 6 in Armour
  1674 | D:6      | Reached skill level 6 in Shields
  1713 | D:6      | Found a burning altar of Makhleb.
  1720 | D:6      | Found an ancient bone altar of Kikubaaqudgha.
  1722 | D:6      | Became a worshipper of Makhleb the Destroyer
  1730 | D:6      | Found a shattered altar of Ashenzari.
  1772 | D:6      | Identified a +0 flail
  1772 | D:6      | Identified a cursed +0 club
  1772 | D:6      | Identified a +0 scale mail
  1774 | D:6      | Identified a +0 flail
  1982 | D:5      | Identified a scroll of teleportation
  1983 | D:5      | Identified a scroll of blinking
  1984 | D:5      | Identified a potion of invisibility
  1985 | D:5      | Identified a potion of brilliance
  1986 | D:5      | Identified 2 potions of curing
  2115 | D:5      | Identified a +0 flail
  2115 | D:5      | Identified a +0 ring mail
  2117 | D:5      | Identified a +0 dagger
  2117 | D:5      | Identified a +0 robe
  2118 | D:5      | Identified a +0 hand axe
  2118 | D:5      | Identified a +0 leather armour
  2119 | D:5      | Identified a +0 leather armour
  2128 | D:5      | Reached skill level 6 in Axes
  2407 | D:5      | Reached XP level 8. HP: 24/68 MP: 5/5
  2715 | D:4      | Found a sacrificial altar of Ru.
  2762 | D:4      | Noticed Grinder
  2786 | D:4      | Paralysed by Grinder for 3 turns
  2800 | D:4      | Killed Grinder
  2800 | D:4      | Reached skill level 7 in Armour
  2800 | D:4      | Reached skill level 7 in Shields
  2871 | D:4      | Reached * piety under Makhleb
  2896 | D:4      | Identified a +0 falchion
  2896 | D:4      | Identified a +0 leather armour
  2897 | D:4      | Identified a +0 hand axe
  2897 | D:4      | Identified a +0 leather armour
  2935 | D:4      | Identified a cursed -1 giant club
  2938 | D:4      | HP: 17/68 [ogre/cursed -1 giant club (5)]
  2945 | D:4      | HP: 10/68 [ogre/cursed -1 giant club (24)]
  2947 | D:4      | Reached skill level 7 in Axes
  3030 | D:4      | Identified a +0 falchion
  3030 | D:4      | Identified a +0 leather armour
  3030 | D:4      | Noticed Eustachio
  3072 | D:4      | Identified a ring of dexterity (You found it on level 4 of
                  | the Dungeon)
  3073 | D:4      | Identified a scroll of enchant weapon
  3083 | D:4      | HP: 16/68 [Eustachio/+0 falchion (4)]
  3097 | D:4      | Killed Eustachio
  3335 | D:3      | Identified a cursed +0 dagger
  3335 | D:3      | Identified a +0 robe
  3336 | D:3      | Identified a +0 scale mail
  3339 | D:3      | Identified a cursed +0 club
  3343 | D:3      | Identified a +0 club
  3379 | D:3      | Found a blossoming altar of Fedhas.
  4068 | D:2      | Identified a cursed -1 whip
  4167 | D:2      | Identified a scroll of fog
  4168 | D:2      | Identified a potion of agility
  4216 | D:2      | Identified a +0 shortbow
  4481 | D:2      | Identified a scroll of enchant armour
  4599 | D:7      | HP: 17/68 [killer bee (1)]
  4613 | D:7      | Reached skill level 8 in Armour
  4613 | D:7      | Reached skill level 8 in Shields
  4628 | D:7      | Reached ** piety under Makhleb
  4628 | D:7      | Gained mutation: You passively map the area around you.
                  | [Deep Dwarf growth]
  4628 | D:7      | Reached XP level 9. HP: 42/74 MP: 5/5
  4687 | D:7      | Reached skill level 8 in Axes
  4732 | D:7      | Identified a +0 halberd
  4733 | D:7      | Identified a +0 spear
  4735 | D:7      | Identified a +0 giant club
  4848 | D:7      | Identified a +0 club
  4848 | D:7      | Identified a +0 club
  4848 | D:7      | Identified a +0 leather armour
  4849 | D:7      | Identified a +0 flail
  4849 | D:7      | Identified a +0 whip
  4894 | D:7      | Identified a +0 spear
  4894 | D:7      | Identified a +0 flail
  4894 | D:7      | Identified a +4 trident of flaming
  4894 | D:7      | Identified a +0 ring mail
  4894 | D:7      | Identified a +0 halberd
  4896 | D:7      | Identified a +0 spear
  4942 | D:7      | Found Fubbaa's Distillery.
  4966 | D:7      | Bought a potion of heal wounds for 50 gold pieces
  4995 | D:7      | Found a staircase to the Ecumenical Temple.
  4996 | D:7      | Found the +3 pair of gauntlets of War {Slay+5}
  5040 | D:7      | Noticed Menkaure
  5053 | D:7      | Identified a +0 dagger
  5053 | D:7      | Identified a +0 robe
  5053 | D:7      | Identified a +0 club
  5053 | D:7      | Identified a +0 ring mail
  5057 | D:7      | HP: 17/74 [??? (9)]
  5193 | D:7      | Identified a +0 dagger
  5376 | D:7      | Identified a +0 war axe
  5381 | D:7      | Killed Menkaure
  5480 | D:8      | Identified a scroll of random uselessness
  5540 | D:8      | Identified a +0 dagger
  5540 | D:8      | Identified a +0 robe
  5540 | D:8      | Identified a +0 mace
  5540 | D:8      | Identified a +0 club
  5541 | D:8      | Identified a +0 leather armour of poison resistance
  5547 | D:8      | Reached *** piety under Makhleb
  5550 | D:8      | Reached skill level 9 in Armour
  5610 | D:8      | Identified a +0 trident
  5610 | D:8      | Identified a cursed +0 scale mail
  5610 | D:8      | Identified a +0 halberd
  5610 | D:8      | Identified a +0 club
  5610 | D:8      | Identified a +0 short sword
  5610 | D:8      | Identified a +0 leather armour
  5610 | D:8      | Identified a +0 dagger
  5610 | D:8      | Identified a +0 robe
  5611 | D:8      | Identified a +2 whip of venom
  5611 | D:8      | Identified a +0 flail
  5613 | D:8      | Reached skill level 9 in Shields
  5651 | D:8      | Identified a +2 dagger of venom
  5651 | D:8      | Identified a +0 cloak
  5651 | D:8      | Noticed Maurice
  5651 | D:8      | Identified a +0 flail
  5651 | D:8      | Identified a +0 leather armour
  5653 | D:8      | Identified a +0 leather armour
  5722 | D:8      | Noticed Prince Ribbit
  5748 | D:8      | Killed Maurice
  5815 | D:8      | Identified a +0 giant club
  6228 | D:8      | Killed Prince Ribbit
  6228 | D:8      | Reached skill level 9 in Axes
  6228 | D:8      | Reached skill level 1 in Invocations
  6246 | D:8      | Identified a +0 plate armour (You found it on level 8 of
                  | the Dungeon)
  6341 | D:9      | Reached skill level 2 in Invocations
  6361 | D:9      | Identified a scroll of silence
  6368 | D:9      | Identified a +0 falchion
  6368 | D:9      | Identified a +0 flail
  6386 | D:9      | Identified a ring of magical power (You found it on level 9
                  | of the Dungeon)
  6450 | D:9      | Found a staircase to the Lair.
  6490 | D:9      | Identified a +0 flail
  6490 | D:9      | Identified a +0 ring mail
  6492 | D:9      | Identified a +0 hand axe
  6492 | D:9      | Identified a +0 leather armour
  6496 | D:9      | Identified a +0 short sword
  6501 | D:9      | Identified a +0 flail
  6501 | D:9      | Identified a +0 chain mail
  6504 | D:9      | Reached XP level 10. HP: 71/82 MP: 7/7
  6520 | D:9      | Reached skill level 3 in Fighting
  6585 | D:9      | Identified a +0 dagger
  6587 | D:9      | Reached **** piety under Makhleb
  6682 | D:9      | Reached skill level 3 in Invocations
  6886 | D:9      | Found Xaxao's Armour Emporium.
  6949 | D:9      | Identified 3 scrolls of fear
  6973 | Lair:1   | Entered Level 1 of the Lair of Beasts
  7025 | Lair:1   | Reached skill level 4 in Invocations
  7246 | Lair:1   | Identified a +1 hat
  7246 | Lair:1   | Noticed Gastronok
  7261 | Lair:1   | Killed Gastronok
  7261 | Lair:1   | Reached skill level 4 in Fighting
  7261 | Lair:1   | Reached skill level 10 in Axes
  7261 | Lair:1   | Reached skill level 10 in Armour
  7261 | Lair:1   | Reached skill level 10 in Shields
  7261 | Lair:1   | Reached skill level 5 in Invocations
  7264 | Lair:1   | Identified a scroll of vulnerability
  7839 | Lair:2   | Noticed a spiny frog
  7845 | Lair:2   | Killed a spiny frog
  7845 | Lair:2   | Reached skill level 6 in Invocations
  7848 | Lair:2   | Reached XP level 11. HP: 85/93 MP: 10/10
  7871 | Lair:2   | HP: 23/93 [komodo dragon (18)]
  7871 | Lair:2   | HP: 3/93 [komodo dragon (14)]
  7876 | Lair:1   | HP: 19/93 [poisoned by a water moccasin]
  7891 | Lair:2   | Noticed a death yak
  7891 | Lair:2   | Noticed a death yak
  7891 | Lair:2   | Noticed a death yak
  7891 | Lair:2   | Noticed a death yak
  7891 | Lair:2   | Noticed a death yak
  7892 | Lair:2   | Noticed a death yak
  7940 | Lair:2   | Noticed a queen ant
  7956 | Lair:2   | Killed a queen ant
  7956 | Lair:2   | Reached skill level 5 in Fighting
  8113 | Lair:2   | Reached skill level 7 in Invocations
  8342 | Lair:3   | HP: 22/96 [komodo dragon (19)]
  8347 | Lair:3   | HP: 34/144 [komodo dragon (15)]
  8349 | Lair:3   | Reached ***** piety under Makhleb
  8349 | Lair:3   | Reached skill level 11 in Armour
  8592 | Lair:3   | HP: 17/96 [porcupine's spines (10)]
  8733 | Lair:3   | Reached skill level 11 in Shields
  8986 | Lair:3   | Noticed a five-headed hydra
  9008 | Lair:3   | Killed a five-headed hydra
  9047 | Lair:3   | Noticed a five-headed hydra
  9062 | Lair:3   | Killed a five-headed hydra
  9062 | Lair:3   | Reached skill level 11 in Axes
  9062 | Lair:3   | Reached skill level 8 in Invocations
  9091 | Lair:3   | Reached skill level 6 in Fighting
  9115 | Lair:3   | Found a staircase to the Swamp.
  9361 | Lair:4   | Noticed a catoblepas
  9361 | Lair:4   | Noticed a catoblepas
  9522 | Lair:4   | Reached XP level 12. HP: 50/105 MP: 10/10
  9536 | Lair:4   | Identified the Tome of Scorching Conjuration
  9605 | Lair:4   | HP: 20/106 [komodo dragon (8)]
  9676 | Lair:4   | HP: 19/106 [manticore/volley of spikes (16)]
 10000 | Lair:5   | Reached skill level 9 in Invocations
 10235 | Lair:5   | Found a staircase to the Slime Pits.
 10364 | Lair:5   | Paralysed by a hornet for 1 turns
 10372 | Lair:5   | Paralysed by a hornet for 1 turns
 10405 | Lair:5   | HP: 26/106 [lindwurm/blast of flame (39)]
 10409 | Lair:5   | Reached skill level 7 in Fighting
 10447 | Lair:5   | HP: 14/109 [lindwurm/blast of flame (29)]
 10887 | Lair:5   | Identified a +0 broad axe (You found it on level 5 of the
                  | Lair of Beasts)
 10912 | Lair:4   | Reached skill level 12 in Armour
 10913 | Lair:4   | Reached skill level 12 in Shields
 10989 | Lair:4   | HP: 18/109 [catoblepas (20)]
 10996 | Lair:4   | HP: 26/109 [catoblepas (11)]
 11001 | Lair:4   | HP: 12/109 [catoblepas (3)]
 11008 | Lair:4   | Killed a catoblepas
 11039 | Lair:4   | Identified 2 potions of haste
 11040 | Lair:4   | Identified a potion of resistance
 11041 | Lair:4   | Identified a potion of flight
 11043 | Lair:4   | Identified a ring of fire (You found it on level 5 of the
                  | Lair of Beasts)
 11089 | Lair:4   | HP: 22/109 [catoblepas (11)]
 11093 | Lair:4   | Killed a catoblepas
 11093 | Lair:4   | Reached skill level 12 in Axes
 11093 | Lair:4   | Reached skill level 10 in Invocations
 11334 | Lair:2   | Killed a death yak
 11368 | Lair:2   | Noticed a six-headed hydra
 11377 | Lair:2   | Killed a six-headed hydra
 11427 | Lair:2   | Killed a death yak
 11437 | Lair:2   | Killed a death yak
 11441 | Lair:2   | Killed a death yak
 11441 | Lair:2   | Reached XP level 13. HP: 110/117 MP: 8/8
 11591 | Lair:2   | Identified a potion of experience
 11592 | Lair:2   | Reached skill level 8 in Fighting
 11592 | Lair:2   | Reached skill level 11 in Invocations
 11592 | Lair:2   | Gained mutation: You resist negative energy. (rN+) [Deep
                  | Dwarf growth]
 11592 | Lair:2   | Reached XP level 14. HP: 118/126 MP: 10/10
 11656 | Lair:2   | Identified a potion of lignification
 11739 | Lair:2   | Found a hole to the Spider Nest.
 11753 | Lair:2   | HP: 21/127 [wolf spider (13)]
 11997 | D:10     | Entered Level 10 of the Dungeon
 12010 | D:10     | Identified a +0 mace
 12023 | D:10     | Identified an amulet of regeneration (You found it on level
                  | 10 of the Dungeon)
 12042 | D:10     | Identified a +3 scimitar of flaming
 12042 | D:10     | Identified a +2 robe of fire resistance
 12042 | D:10     | Noticed Erica
 12053 | D:10     | Killed Erica
 12070 | D:10     | Identified a +0 hand axe
 12072 | D:10     | Identified a +0 club
 12072 | D:10     | Identified a +0 leather armour
 12073 | D:10     | Identified a +1 flail of protection
 12073 | D:10     | Identified a +0 ring mail
 12075 | D:10     | Identified a +0 dagger
 12075 | D:10     | Identified a +0 ring mail
 12110 | D:10     | Identified a cursed -2 dagger
 12111 | D:10     | Identified a +0 club
 12111 | D:10     | Identified a +0 dagger
 12112 | D:10     | Identified a +0 dagger
 12112 | D:10     | Identified a +0 short sword
 12112 | D:10     | Identified a +0 short sword
 12112 | D:10     | Identified a +0 dagger
 12123 | D:10     | Reached skill level 13 in Armour
 12203 | D:10     | Identified a +1 long sword of holy wrath
 12203 | D:10     | Identified a +0 scale mail
 12203 | D:10     | Noticed Urug
 12204 | D:10     | Identified a +0 dagger
 12204 | D:10     | Identified a +0 robe
 12220 | D:10     | Killed Urug
 12223 | D:10     | Reached skill level 13 in Shields
 12538 | D:10     | Identified a +0 short sword
 12539 | D:10     | Identified a +0 short sword
 12539 | D:10     | Identified a +0 short sword
 12540 | D:10     | Identified a +0 short sword
 12541 | D:10     | Identified a +0 short sword of electrocution
 12542 | D:10     | Identified a +0 giant spiked club
 12542 | D:10     | Identified a +0 giant club
 12542 | D:10     | Identified a +0 short sword
 12543 | D:10     | Identified a +0 mace
 12621 | D:10     | Identified a +0 dagger
 12621 | D:10     | Identified a +2 robe of cold resistance
 12621 | D:10     | Noticed Josephine
 12637 | D:10     | Killed Josephine
 12637 | D:10     | Reached ****** piety under Makhleb
 12637 | D:10     | Reached skill level 13 in Axes
 12765 | D:11     | Identified +0 acid dragon scales
 12901 | D:11     | Identified a +0 mace
 12901 | D:11     | Identified a +0 robe
 12901 | D:11     | Identified a cursed +3 war axe
 12901 | D:11     | Identified a +0 robe
 12902 | D:11     | Identified a +3 scimitar
 12902 | D:11     | Identified a +0 robe
 12915 | D:11     | Identified a +0 great sword
 12915 | D:11     | Identified a +0 robe
 12982 | D:11     | Found Locies's General Store.
 13049 | D:11     | Bought a scroll of enchant weapon for 90 gold pieces
 13083 | D:11     | Identified a +0 long sword
 13083 | D:11     | Identified a +0 shortbow
 13126 | D:11     | Identified a +0 flail
 13126 | D:11     | Identified a +0 scale mail
 13126 | D:11     | Identified a +0 dagger
 13126 | D:11     | Identified a +0 robe
 13127 | D:11     | Identified a +0 falchion
 13128 | D:11     | Identified a +0 whip of freezing
 13128 | D:11     | Identified a +0 giant spiked club
 13129 | D:11     | Identified a +0 short sword
 13129 | D:11     | Identified a +0 chain mail
 13130 | D:11     | Identified a +0 dagger
 13130 | D:11     | Identified a +2 robe of cold resistance
 13130 | D:11     | Identified a cursed +0 whip
 13131 | D:11     | Identified a +0 hand axe
 13131 | D:11     | Identified a +0 chain mail
 13137 | D:11     | Identified a +2 flail of protection
 13155 | D:11     | Identified a +0 mace
 13158 | D:11     | Identified a +0 club
 13158 | D:11     | Identified a +0 club
 13159 | D:11     | Identified a cursed +0 glaive
 13159 | D:11     | Identified a +0 chain mail
 13162 | D:11     | Identified a +0 flail
 13163 | D:11     | Identified a +0 halberd
 13163 | D:11     | Identified a +0 plate armour
 13164 | D:11     | Identified a +0 dagger
 13164 | D:11     | Identified a +0 robe
 13164 | D:11     | Identified a +0 dagger
 13164 | D:11     | Identified a +0 robe
 13197 | D:11     | Found a staircase to the Orcish Mines.
 13284 | D:11     | Identified a +0 dagger
 13284 | D:11     | Identified a +0 robe
 13285 | D:11     | Identified a +0 trident
 13285 | D:11     | Identified a +0 chain mail
 13286 | D:11     | Identified a +0 dagger
 13286 | D:11     | Identified a +0 leather armour
 13287 | D:11     | Identified a +0 chain mail
 13287 | D:11     | Identified a +0 morningstar
 13558 | D:12     | Identified a cursed -3 trident
 13558 | D:12     | Identified a +0 hand axe
 13558 | D:12     | Identified a +0 halberd
 13558 | D:12     | Identified a cursed +0 giant club
 13558 | D:12     | Identified a +0 giant spiked club
 13558 | D:12     | Identified a +0 hand axe
 13569 | D:12     | Reached skill level 9 in Fighting
 13569 | D:12     | Reached skill level 12 in Invocations
 13569 | D:12     | Identified a +0 glaive
 13677 | D:12     | Identified a +0 dagger
 13677 | D:12     | Identified a +0 robe
 13677 | D:12     | Identified a +0 dagger
 13677 | D:12     | Identified a +0 robe
 13677 | D:12     | Identified a +0 dagger
 13677 | D:12     | Identified a +0 mace
 13677 | D:12     | Identified a +0 flail
 13730 | D:12     | Identified a +0 dagger
 13730 | D:12     | Identified a +0 chain mail
 13731 | D:12     | Identified a +4 dagger
 13731 | D:12     | Identified a +0 robe
 13731 | D:12     | Identified a cursed -1 club
 13737 | D:12     | Identified a cursed -2 club
 13807 | D:12     | Identified a +0 glaive
 13807 | D:12     | Identified a +0 chain mail
 13900 | D:12     | Identified a +0 club
 13900 | D:12     | Identified a +0 leather armour
 13901 | D:12     | Identified a +0 club
 13901 | D:12     | Identified a +0 ring mail
 13901 | D:12     | Identified a +0 club
 13901 | D:12     | Identified a +0 dagger
 13901 | D:12     | Identified a +0 robe
 13902 | D:12     | Identified a +4 mace
 13902 | D:12     | Identified a +0 leather armour
 14173 | D:12     | Identified a +0 troll leather armour
 14229 | D:13     | Identified a +0 rapier
 14229 | D:13     | Identified a +0 leather armour
 14536 | D:13     | Found a gateway to a bazaar.
 14564 | D:13     | Identified a +0 giant club
 14564 | D:13     | Identified a +0 giant club
 14592 | Bazaar   | Entered a bazaar
 14595 | Bazaar   | Found Ytyunomn's Book Shop.
 14633 | Bazaar   | Found Suprup's Distillery.
 14638 | Bazaar   | Bought a potion of flight for 51 gold pieces
 14638 | Bazaar   | Bought a potion of flight for 51 gold pieces
 14647 | Bazaar   | Found Lenis's Food Shop.
 14647 | Bazaar   | Found Anosufub's Armour Boutique.
 14658 | Bazaar   | Bought a +2 helmet of intelligence for 301 gold pieces
 14733 | D:13     | Identified a +2 longbow of flaming
 14733 | D:13     | Identified a +1 centaur barding of stealth
 14733 | D:13     | Noticed Nessos
 14763 | D:13     | Killed Nessos
 15006 | D:13     | Identified a +0 giant club
 15006 | D:13     | Identified a +0 giant club
 15029 | D:13     | Found a gate to the Vaults.
 15029 | D:13     | Identified a cursed -2 giant spiked club
 15029 | D:13     | Identified a +0 giant club
 15030 | D:13     | Identified a +0 dagger
 15030 | D:13     | Identified a +0 robe
 15420 | Orc:1    | Entered Level 1 of the Orcish Mines
 15420 | Orc:1    | Identified a +0 halberd
 15420 | Orc:1    | Identified a +0 chain mail
 15420 | Orc:1    | Identified a +0 falchion
 15420 | Orc:1    | Identified a +0 ring mail
 15420 | Orc:1    | Identified a +0 falchion
 15420 | Orc:1    | Identified a cursed +0 chain mail
 15420 | Orc:1    | Identified a +0 dagger
 15420 | Orc:1    | Identified a +0 hand axe
 15421 | Orc:1    | Identified a +0 dagger
 15421 | Orc:1    | Identified a +0 robe
 15426 | Orc:1    | Identified a +0 flail
 15426 | Orc:1    | Identified a +0 short sword
 15433 | Orc:1    | Identified a +0 giant club
 15575 | Orc:1    | Identified a +0 giant club
 15619 | Orc:1    | Identified a +0 short sword
 15620 | Orc:1    | Identified a +0 ring mail
 15622 | Orc:1    | Identified a +0 hand axe
 15622 | Orc:1    | Identified a +0 chain mail
 15623 | Orc:1    | Identified a +0 hand axe
 15623 | Orc:1    | Identified a +0 leather armour
 15821 | Orc:2    | Entered Level 2 of the Orcish Mines
 15821 | Orc:2    | Identified a +0 great sword
 15821 | Orc:2    | Identified a +0 arbalest
 15821 | Orc:2    | Identified a +0 chain mail
 15821 | Orc:2    | Identified a cursed -1 flail
 15821 | Orc:2    | Identified a +0 club
 15821 | Orc:2    | Identified a +0 leather armour
 15821 | Orc:2    | Identified a +0 dire flail
 15821 | Orc:2    | Identified a +0 chain mail
 15821 | Orc:2    | Identified a +0 flail
 15821 | Orc:2    | Identified a cursed +0 chain mail
 15821 | Orc:2    | Identified a +0 dire flail
 15821 | Orc:2    | Identified a +0 chain mail
 15821 | Orc:2    | Identified a +0 dagger
 15831 | Orc:2    | Identified a +0 giant spiked club
 15831 | Orc:2    | Identified a +0 flail
 15831 | Orc:2    | Identified a cursed -1 club
 15850 | Orc:2    | Identified a +0 dagger
 15856 | Orc:2    | Identified a +0 dagger
 15856 | Orc:2    | Identified a +0 robe
 15856 | Orc:2    | Identified a +0 dagger
 15856 | Orc:2    | Identified a +0 robe
 15859 | Orc:2    | Identified a +0 falchion
 15861 | Orc:2    | Identified a +0 war axe
 15861 | Orc:2    | Identified a +0 chain mail
 15861 | Orc:2    | Identified a +0 dagger
 15861 | Orc:2    | Identified a +0 robe
 15862 | Orc:2    | Identified a cursed -3 club
 15862 | Orc:2    | Identified a +0 ring mail
 15863 | Orc:2    | Identified a cursed -3 club
 15863 | Orc:2    | Identified a +0 long sword
 15863 | Orc:2    | Identified a +0 plate armour
 15864 | Orc:2    | Identified a +0 dire flail
 15864 | Orc:2    | Identified a +4 chain mail
 15864 | Orc:2    | Identified a +0 club
 15866 | Orc:2    | Identified a +0 dagger
 15867 | Orc:2    | Identified a +0 hand axe
 15868 | Orc:2    | Identified a +0 flail
 15868 | Orc:2    | Identified a +0 chain mail
 15869 | Orc:2    | Identified a +0 halberd
 15869 | Orc:2    | Identified a +0 chain mail
 15869 | Orc:2    | Identified a +0 great sword of holy wrath
 15869 | Orc:2    | Identified a +0 chain mail
 15869 | Orc:2    | Noticed Saint Roka
 15871 | Orc:2    | Identified a +0 war axe
 15871 | Orc:2    | Identified a +0 chain mail
 15873 | Orc:2    | Identified a +0 flail
 15873 | Orc:2    | Identified a +0 battleaxe
 15873 | Orc:2    | Identified a +0 chain mail
 15875 | Orc:2    | Identified a +0 halberd
 15875 | Orc:2    | Identified a +0 chain mail
 15877 | Orc:2    | Identified a +0 giant spiked club
 15878 | Orc:2    | Identified a +0 glaive
 15878 | Orc:2    | Identified a +0 chain mail
 15879 | Orc:2    | Identified a +0 club
 15881 | Orc:2    | Identified a +3 leather armour
 15882 | Orc:2    | Identified a +0 dagger
 15883 | Orc:2    | Identified a +1 flail of draining
 15883 | Orc:2    | Identified a +0 chain mail
 15889 | Orc:2    | Identified a +0 hand axe of electrocution
 15889 | Orc:2    | Identified a +0 ring mail
 15890 | Orc:2    | Killed Saint Roka
 15890 | Orc:2    | Reached XP level 15. HP: 115/138 MP: 11/11
 15969 | Orc:1    | Reached skill level 13 in Invocations
 16086 | Orc:2    | Identified a cursed +0 leather armour
 16086 | Orc:2    | Identified a +0 glaive
 16087 | Orc:2    | Identified a +2 dagger of draining
 16087 | Orc:2    | Identified a +0 leather armour
 16088 | Orc:2    | Identified a +2 hand axe of electrocution
 16090 | Orc:2    | Identified a +0 halberd
 16090 | Orc:2    | Identified a +0 plate armour
 16121 | Orc:2    | Reached skill level 14 in Armour
 16203 | Orc:2    | Identified a +0 glaive
 16203 | Orc:2    | Identified a +0 plate armour
 16203 | Orc:2    | Identified a +0 dagger
 16203 | Orc:2    | Identified a +0 robe
 16203 | Orc:2    | Identified a +0 dagger
 16249 | Orc:2    | Found a staircase to the Elven Halls.
 16251 | Orc:2    | Identified a +0 war axe
 16251 | Orc:2    | Identified a +0 scale mail
 16252 | Orc:2    | Identified a +0 glaive
 16252 | Orc:2    | Identified a +0 plate armour
 16252 | Orc:2    | Identified a +0 falchion
 16252 | Orc:2    | Identified a +0 flail
 16252 | Orc:2    | Identified a +0 leather armour
 16259 | Orc:2    | Reached skill level 14 in Shields
 16263 | Orc:2    | Identified a +0 leather armour
 16264 | Orc:2    | Identified a +0 falchion
 16264 | Orc:2    | Identified a +0 flail
 16264 | Orc:2    | Identified a +0 leather armour
 16271 | Orc:2    | Identified a +0 club
 16278 | Orc:2    | Identified a +0 war axe
 16278 | Orc:2    | Identified a +0 ring mail
 16279 | Orc:2    | Identified a +0 dagger
 16279 | Orc:2    | Identified a +0 mace
 16279 | Orc:2    | Identified a +0 dagger
 16279 | Orc:2    | Identified a +0 chain mail
 16279 | Orc:2    | Identified a +0 trident
 16279 | Orc:2    | Identified a cursed +0 leather armour
 16280 | Orc:2    | Identified a +0 flail
 16280 | Orc:2    | Identified a +0 scimitar
 16280 | Orc:2    | Identified a +0 chain mail
 16280 | Orc:2    | Identified a +0 whip
 16280 | Orc:2    | Identified a +1 leather armour of fire resistance
 16282 | Orc:2    | Identified a +0 glaive
 16282 | Orc:2    | Identified a +0 plate armour
 16282 | Orc:2    | Identified a +0 dagger
 16282 | Orc:2    | Identified a cursed +0 dagger
 16282 | Orc:2    | Identified a +0 leather armour
 16283 | Orc:2    | Identified a +0 whip
 16283 | Orc:2    | Identified a +0 ring mail
 16284 | Orc:2    | Identified a +0 flail
 16284 | Orc:2    | Identified a +0 ring mail
 16290 | Orc:2    | Identified a +2 mace of venom
 16298 | Orc:2    | Identified a +0 long sword
 16298 | Orc:2    | Identified a +0 chain mail
 16303 | Orc:2    | Identified a +0 flail (You took it off an orc on level 2 of
                  | the Orcish Mines)
 16309 | Orc:2    | Identified a +0 mace
 16311 | Orc:2    | Identified a +0 trident
 16311 | Orc:2    | Identified a +0 plate armour
 16321 | Orc:2    | Identified a +0 long sword
 16321 | Orc:2    | Identified a +0 arbalest
 16321 | Orc:2    | Identified a +0 plate armour
 16327 | Orc:2    | Identified a +0 battleaxe
 16327 | Orc:2    | Identified a +0 chain mail
 16334 | Orc:2    | Identified a cursed -3 trident
 16334 | Orc:2    | Identified a +0 ring mail
 16337 | Orc:2    | Identified a +0 trident
 16337 | Orc:2    | Identified a +0 chain mail
 16342 | Orc:2    | Identified a +0 hand axe
 16342 | Orc:2    | Identified a +0 leather armour
 16425 | Orc:2    | Identified a +0 long sword
 16464 | Orc:2    | Identified a cursed -3 glaive
 16464 | Orc:2    | Identified a +0 plate armour
 16464 | Orc:2    | Identified a +0 hand axe
 16464 | Orc:2    | Identified a +1 plate armour of magic resistance
 16465 | Orc:2    | Identified a +0 mace
 16465 | Orc:2    | Identified a +0 falchion
 16465 | Orc:2    | Identified a +0 leather armour
 16465 | Orc:2    | Identified a +0 club
 16465 | Orc:2    | Identified a +0 halberd
 16465 | Orc:2    | Identified a +0 chain mail
 16465 | Orc:2    | Identified a +0 long sword
 16465 | Orc:2    | Identified a +0 chain mail
 16466 | Orc:2    | Identified a +0 halberd
 16466 | Orc:2    | Identified a +0 plate armour
 16466 | Orc:2    | Identified a +0 short sword
 16466 | Orc:2    | Identified a +0 plate armour
 16466 | Orc:2    | Identified a +3 war axe
 16466 | Orc:2    | Identified a +0 plate armour
 16467 | Orc:2    | Identified a +0 mace of draining
 16467 | Orc:2    | Identified a +0 chain mail
 16467 | Orc:2    | Identified a +0 battleaxe
 16467 | Orc:2    | Identified a +0 plate armour
 16467 | Orc:2    | Identified a +0 flail
 16467 | Orc:2    | Identified a +0 leather armour
 16468 | Orc:2    | Identified a +0 flail
 16468 | Orc:2    | Identified a +0 hand axe
 16468 | Orc:2    | Identified a +0 battleaxe
 16468 | Orc:2    | Identified a +0 chain mail
 16469 | Orc:2    | Identified a +0 long sword
 16471 | Orc:2    | Identified a +0 whip
 16471 | Orc:2    | Identified a +0 battleaxe
 16471 | Orc:2    | Identified a +0 chain mail
 16471 | Orc:2    | Identified a +0 short sword
 16471 | Orc:2    | Identified a cursed +0 scale mail
 16472 | Orc:2    | Identified a +0 flail
 16472 | Orc:2    | Identified a +0 leather armour
 16474 | Orc:2    | Identified a +0 trident
 16474 | Orc:2    | Identified a +0 chain mail
 16476 | Orc:2    | Identified a +0 war axe
 16476 | Orc:2    | Identified a +0 chain mail
 16477 | Orc:2    | Identified a +0 glaive
 16477 | Orc:2    | Identified a +0 plate armour
 16482 | Orc:2    | Identified a +0 scimitar
 16482 | Orc:2    | Identified a +0 halberd
 16482 | Orc:2    | Identified a +0 plate armour
 16482 | Orc:2    | Identified a +0 long sword
 16482 | Orc:2    | Identified a +0 chain mail
 16482 | Orc:2    | Identified a +0 flail
 16482 | Orc:2    | Identified a +0 chain mail
 16482 | Orc:2    | Identified a +0 war axe
 16482 | Orc:2    | Identified a +0 dire flail
 16482 | Orc:2    | Identified a +0 plate armour
 16482 | Orc:2    | Identified a +0 short sword
 16482 | Orc:2    | Identified a +0 plate armour
 16482 | Orc:2    | Identified a +0 hand axe
 16482 | Orc:2    | Identified a +0 leather armour
 16483 | Orc:2    | Identified a +2 demon trident of venom
 16513 | Orc:2    | Reached skill level 10 in Fighting
 16575 | Orc:2    | Identified a +0 trident
 16616 | Orc:2    | Reached skill level 14 in Axes
 16673 | Orc:2    | Identified a +0 mace
 16673 | Orc:2    | Identified a +0 dagger
 16673 | Orc:2    | Identified a +0 robe
 16673 | Orc:2    | Identified a +0 battleaxe
 16673 | Orc:2    | Identified a +0 plate armour
 16673 | Orc:2    | Identified a +0 trident
 16673 | Orc:2    | Identified a +0 plate armour
 16694 | Orc:2    | Identified a ring of evasion (You found it on level 2 of
                  | the Orcish Mines)
 16710 | Orc:2    | Identified a +0 dagger
 16710 | Orc:2    | Identified a +0 robe of fire resistance
 16710 | Orc:2    | Identified a +2 antimagic dire flail
 16710 | Orc:2    | Identified a +0 chain mail
 16710 | Orc:2    | Identified a +0 dire flail
 16710 | Orc:2    | Identified a +0 plate armour
 16710 | Orc:2    | Identified a +0 leather armour
 16812 | Orc:2    | Found Wusmof's Book Shoppe.
 16812 | Orc:2    | Found Kiezewof's Book Shoppe.
 16842 | Orc:2    | Found Ypnabb's Antique Weapon Shoppe.
 16842 | Orc:2    | Found Otteloj's Antique Weapon Emporium.
 16967 | Orc:2    | ventricule: ??sniper
 16967 | Orc:2    | meem: sniper[1/2]: The +9 heavy crossbow "Sniper"
                  | {velocity, SInv}. A +9 vorpal triple crossbow that never
                  | misses. Has a base delay of 2.7 and a mindelay of 1.35
 16967 | Orc:2    | beem: sniper[1/2]: The +9 heavy crossbow "Sniper"
                  | {velocity, SInv}. A +9 vorpal triple crossbow that never
                  | misses. Has a base delay of 2.7 and a mindelay of 1.35
 17307 | Swamp:1  | Entered Level 1 of the Swamp
 17465 | Swamp:2  | Identified a ring of slaying (You found it on level 2 of
                  | the Swamp)
 17577 | Swamp:2  | Reached skill level 1 in Dodging
 17694 | Swamp:2  | Identified a +0 quarterstaff
 17694 | Swamp:2  | Identified a +0 robe
 17709 | Swamp:2  | HP: 21/139 [alligator[a spriggan druid] (16)]
 17710 | Swamp:2  | HP: 10/139 [spiny frog[a spriggan druid] (15)]
 17720 | Swamp:2  | Reached skill level 2 in Dodging
 17840 | Swamp:2  | HP: 31/139 [tyrant leech (16)]
 17941 | Swamp:2  | Identified a +0 spear
 18295 | Swamp:3  | Noticed a thorn hunter
 18300 | Swamp:3  | Identified a +0 spear
 18551 | Spider:1 | Entered Level 1 of the Spider Nest
 18569 | Spider:1 | HP: 35/140 [redback (5)]
 18682 | Spider:1 | Reached skill level 3 in Dodging
 18725 | Spider:1 | Identified a potion of cancellation
 18731 | Spider:1 | Noticed a ghost moth
 18741 | Spider:1 | Killed a ghost moth
 19098 | Spider:1 | Reached skill level 4 in Dodging
 19417 | Spider:1 | Reached XP level 16. HP: 146/148 MP: 9/9
 19418 | Spider:1 | Found a roughly hewn altar of Beogh.
 19435 | Spider:1 | Identified the +0 chain mail of Xaydwuymea {rF- rN++ Dex+3
                  | Stlth+} (You found it on level 1 of the Spider Nest)
 19441 | Spider:1 | Got a pair of faintly humming boots
 19447 | Spider:1 | Identified the -3 pair of boots "Siutsyog" {rC+ MR+ Int+4
                  | Slay+3} (You found it on level 1 of the Spider Nest)
 19547 | Spider:2 | Noticed an entropy weaver
 19556 | Spider:2 | Killed an entropy weaver
 19659 | Spider:2 | Identified a scroll of brand weapon
 19749 | Spider:2 | Reached skill level 15 in Armour
 19749 | Spider:2 | Reached skill level 15 in Shields
 19774 | Spider:2 | Reached skill level 11 in Fighting
 19817 | Spider:2 | Reached skill level 5 in Dodging
 19924 | Spider:2 | Identified a potion of degeneration
 19926 | Spider:2 | Identified the cursed +0 scale mail "Illurer" {rF+ Int+2
                  | SInv} (You found it on level 2 of the Spider Nest)
 19989 | Spider:3 | Identified a +0 quarterstaff of crushing
 19989 | Spider:3 | Identified a +1 robe of fire resistance
 19989 | Spider:3 | Noticed Jorgrun
 20003 | Spider:3 | Killed Jorgrun
 20156 | Spider:3 | Reached skill level 15 in Axes
 20266 | Spider:3 | Identified a +1 eveningstar of draining
 20266 | Spider:3 | Identified a +0 plate armour
 20266 | Spider:3 | Identified a +0 large shield
 20266 | Spider:3 | Noticed Louise
 20279 | Spider:3 | Killed Louise
 20639 | Spider:4 | Entered Level 4 of the Spider Nest
 20648 | Spider:4 | Reached skill level 6 in Dodging
 20822 | Spider:4 | Identified a +1 cloak (You found it on level 4 of the
                  | Spider Nest)
 21190 | Spider:4 | Reached skill level 7 in Dodging
 21483 | Spider:4 | Reached skill level 12 in Fighting
 21488 | Spider:4 | Reached skill level 8 in Dodging
 21488 | Spider:4 | Reached XP level 17. HP: 159/159 MP: 1/10
 21502 | Spider:4 | Reached skill level 16 in Armour
 21547 | Spider:4 | Got a gossamer rune of Zot
 21623 | Spider:4 | Identified a potion of berserk rage
 22019 | Slime:1  | Entered Level 1 of the Pits of Slime
 22044 | Slime:1  | Gained mutation: You are occasionally teleported next to
                  | monsters. [a shining eye]
 22060 | Slime:2  | Noticed an acid blob
 22072 | Slime:2  | Killed an acid blob
 22072 | Slime:2  | Reached skill level 16 in Axes
 22136 | Slime:3  | Noticed an acid blob
 22141 | Slime:3  | Noticed an acid blob
 22141 | Slime:3  | Noticed an acid blob
 22155 | Slime:2  | HP: 23/159 [acid blob (30)]
 22250 | Slime:2  | Killed an acid blob
 22270 | Slime:2  | Killed an acid blob
 22325 | Slime:3  | Killed an acid blob
 22366 | Slime:2  | Noticed an acid blob
 22379 | Slime:2  | Killed an acid blob
 22457 | Slime:2  | Gained mutation: You are sometimes teleported next to
                  | monsters. [a shining eye]
 22572 | Slime:3  | Noticed an acid blob
 22581 | Slime:3  | Killed an acid blob
 22613 | Slime:4  | Noticed an acid blob
 22617 | Slime:4  | Noticed an acid blob
 22624 | Slime:4  | Killed an acid blob
 22632 | Slime:4  | Killed an acid blob
 22635 | Slime:3  | Gained mutation: You are clumsy. (Dex -2) [a shining eye]
 22639 | Slime:3  | Gained mutation: You tend to lose your temper in combat. [a
                  | shining eye]
 22640 | Slime:3  | Gained mutation: You are dopey. (Int -2) [a shining eye]
 22647 | Slime:3  | HP: 31/162 [slime creature (11)]
 22649 | Slime:3  | HP: 7/162 [very large slime creature (50)]
 22649 | Slime:3  | Slain by a slime creature

Table legend:
 A = Turns spent in this place as a percentage of turns spent in the entire game.
 B = Non-inter-level travel turns spent in this place as a percentage of non-inter-level travel turns spent in the entire game.
 C = Inter-level travel turns spent in this place as a percentage of turns spent in this place.
 D = Turns resting spent in this place as a percentage of non-inter-level travel turns spent in this place.
 E = Turns spent auto-exploring this place as a percentage of non-inter-level travel turns spent in this place.
 F = Non-inter-level travel turns spent in this place divided by the number of levels of this place that you've seen.
                   A       B       C       D       E      F
               +-------+-------+-------+-------+-------+----------------------
         Total | 100.0 | 100.0 |   8.0 |   2.9 |  67.9 | 651.5
       Dungeon |  46.6 |  46.9 |   7.4 |   0.3 |  75.3 | 751.9
          Lair |  24.1 |  23.4 |  10.5 |   0.7 |  74.0 | 977.4
         Swamp |   5.1 |   4.9 |  11.3 |   1.6 |  64.1 | 339.0
   Spider Nest |  13.5 |  14.0 |   4.5 |   8.2 |  52.0 | 729.0
    Slime Pits |   2.8 |   2.9 |   2.4 |  39.8 |  15.3 | 153.8
  Orcish Mines |   7.5 |   7.4 |   9.7 |   2.8 |  56.0 | 771.0
        Bazaar |   0.4 |   0.5 |   0.0 |   0.0 |  67.7 |  96.0
               +-------+-------+-------+-------+-------+----------------------

Table legend:
 A = Kills in this place as a percentage of kills in entire the game.
 B = Kills by you in this place as a percentage of kills by you in the entire game.
 C = Kills by friends in this place as a percentage of kills by friends in the entire game.
 D = Other kills in this place as a percentage of other kills in the entire game.
 E = Experience gained in this place as a percentage of experience gained in the entire game.
 F = Experience gained in this place divided by the number of levels of this place that you have seen.
                   A       B       C       D       E      F
               +-------+-------+-------+-------+-------+----------------------
         Total | 100.0 | 100.0 | 100.0 | 100.0 | 100.0 | 7471.6
       Dungeon |  38.2 |  39.1 |   7.1 |  33.3 |  15.4 | 2832.6
          Lair |  14.3 |  14.2 |  17.9 |   0.0 |  16.1 | 7679.2
         Swamp |   4.9 |   4.4 |  21.4 |   0.0 |   7.2 | 5739.3
   Spider Nest |  19.1 |  19.3 |  10.7 |  33.3 |  33.7 | 20172.5
    Slime Pits |   8.5 |   8.8 |   0.0 |   0.0 |  19.2 | 11461.0
  Orcish Mines |  15.1 |  14.2 |  42.9 |  33.3 |   8.4 | 10059.0
               +-------+-------+-------+-------+-------+----------------------

Skill      XL: |  1  2  3  4  5  6  7  8  9 10 11 12 13 14 15 16 17 |
---------------+----------------------------------------------------+-----
Axes           | 3 4 5 6 7 9 10 11 12 13 14 15 16 | 16.6
Shields        | 4 5 6 8 9 10 11 12 13 14 15 | 15.0
Armour         | 4 5 6 8 9 10 11 12 13 14 15 16 | 16.8
Invocations    | 2 6 8 10 11 12 13 | 13.5
Fighting       | 4 6 7 8 9 10 12 | 12.9
Dodging        | 4 8 |  8.7

Action                   |  1- 3 |  4- 6 |  7- 9 | 10-12 | 13-15 | 16-18 || total
-------------------------+-------+-------+-------+-------+-------+-------++-------
Melee: War axe           |   104 |   147 |   622 |   515 |       |       ||  1388
       Broad axe         |       |       |       |    87 |  1268 |   590 ||  1945
Invok: Lesser Servant of |       |       |       |     4 |    11 |     2 ||    17
       Greater Servant o |       |       |       |       |     2 |     2 ||     4
       Major Destruction |       |       |       |       |     3 |       ||     3
 Abil: Heal Wounds       |     1 |     5 |    12 |    19 |    23 |     6 ||    66
       Evoke Berserk Rag |     1 |       |       |     1 |       |     3 ||     5
Evoke: Wand              |       |       |     5 |    18 |     6 |       ||    29
  Use: Scroll            |       |     7 |    11 |     7 |    12 |    13 ||    50
       Potion            |       |       |       |     2 |    12 |     5 ||    19
 Stab: Confused          |       |       |       |     2 |       |       ||     2
       Distracted        |       |       |       |     1 |     4 |     1 ||     6
       Invisible         |       |       |       |       |    13 |       ||    13
  Eat: Chunk             |     1 |     2 |    18 |    17 |    26 |     9 ||    73
       Ration            |       |       |       |       |     1 |     2 ||     3
Armor: Scale mail        |    47 |    98 |   248 |       |       |       ||   393
       Plate armour      |       |       |    25 |   308 |   756 |   368 ||  1457
Dodge: Dodged            |    39 |    64 |   221 |   143 |   397 |   264 ||  1128
       Deflected         |       |       |     6 |     4 |    13 |     4 ||    27
Block: Shield            |    51 |   114 |   336 |   378 |   984 |   523 ||  2386

Vanquished Creatures
  Jorgrun (Spider:3)
  8 acid blobs
  Gastronok (Lair:1)
  An azure jelly (Slime:3)
  5 ghost moths
  4 emperor scorpions
  Louise (Spider:3)
  An entropy weaver (Spider:2)
  Nessos (D:13)
  A spark wasp (Spider:4)
  Josephine (D:10)
  5 great orbs of eyes
  A shambling mangrove (Swamp:2)
  2 catoblepae (Lair:4)
  3 hydras
  2 ghost crabs (Swamp:2)
  A death knight (D:12)
  Erica (D:10)
  5 two-headed ogres
  4 alligators
  A queen ant (Lair:2)
  4 orc high priests (Orc:2)
  4 death yaks (Lair:2)
  Urug (D:10)
  4 skeletal warriors (D:12)
  2 unseen horrors (D:12)
  A spriggan druid (Swamp:2)
  A lindwurm (Lair:5)
  2 wizards
  7 orc knights (Orc:2)
  4 shining eyes
  16 orb spiders
  A deep elf mage (D:13)
  28 wolf spiders
  2 manticores (Lair:4)
  5 moths of wrath
  2 ugly things (D:11)
  3 cyclopes
  3 black mambas
  Maurice (D:8)
  12 spiny frogs
  3 torpor snails
  2 eyes of devastation
  2 gargoyles (D:10)
  3 rime drakes
  8 komodo dragons
  4 trolls
  12 demonic crawlers
  7 tyrant leeches
  32 jumping spiders
  A polar bear (Lair:4)
  Prince Ribbit (D:8)
  Grinder (D:4)
  5 blink frogs (Lair:4)
  2 hippogriffs (Lair:2)
  2 bog bodies (Swamp:2)
  14 hornets
  61 slime creatures
  47 redbacks
  3 water elementals (D:13)
  A vampire (D:10)
  A spriggan (Swamp:2)
  30 tarantellas
  5 wraiths (D:10)
  4 wyverns
  30 yaks
  Eustachio (D:4)
  5 golden eyes (Slime:3)
  A hungry ghost (D:12)
  A basilisk (Lair:5)
  2 vampire mosquitoes (Swamp:1)
  Menkaure (D:7)
  8 swamp worms
  9 wargs
  9 water moccasins
  3 soldier ants (Lair:2)
  An acid dragon (D:11)
  7 porcupines
  A floating eye (Slime:3)
  3 ice beasts
  3 swamp drakes (Swamp:2)
  43 orc warriors
  A sky beast (D:9)
  3 phantoms
  A black bear (D:10)
  5 eyes of draining
  A hornet zombie (D:9)
  3 centaurs
  9 ogres
  14 crocodiles
  18 bullfrogs
  Blork the orc (D:4)
  2 big kobolds (D:10)
  A wyvern zombie (D:13)
  2 gnoll sergeants
  A wyvern skeleton (D:12)
  2 scorpions
  9 killer bees
  4 wights (D:11)
  4 howler monkeys
  4 electric eels
  2 bullfrog zombies
  2 centaur zombies
  5 crimson imps
  A jelly (D:9)
  A centaur skeleton (D:6)
  A gnoll shaman (D:7)
  31 orc priests
  6 hounds
  24 orc wizards
  5 bullfrog skeletons
  3 iguanas
  29 worker ants
  A hound zombie (D:5)
  2 hound skeletons
  A mummy (D:6)
  10 adders
  20 gnolls
  A shadow imp (D:10)
  An adder skeleton (D:4)
  A worm (D:2)
  2 dart slugs
  5 leopard geckos
  102 orcs
  6 giant cockroaches
  6 goblins
  10 hobgoblins
  13 jackals
  23 kobolds
  5 quokkas
  A ball python skeleton (D:4)
  3 bats
  9 frilled lizards
  A hobgoblin zombie (D:6)
  A jackal skeleton (D:8)
  A jackal zombie (D:5)
  A leopard gecko skeleton (D:4)
  An orc zombie (D:6)
  4 rats
  5 fungi
  4 plants
967 creatures vanquished.

Vanquished Creatures (collateral kills)
  Saint Roka (Orc:2)
  A shambling mangrove (Swamp:2)
  2 death yaks (Lair:2)
  2 orc high priests (Orc:2)
  A skeletal warrior (D:12)
  A lindwurm (Lair:5)
  2 wolf spiders (Lair:2)
  A spiny frog (Swamp:2)
  2 demonic crawlers (Spider:3)
  A troll (Orc:2)
  4 hornets (Swamp:2)
  A redback (Spider:3)
  4 orc warriors (Orc:2)
  3 orc priests (Orc:2)
  2 orcs
28 creatures vanquished.

Vanquished Creatures (others)
  A tarantella (Spider:1)
  A leopard gecko (D:10)
  2 orcs (Orc:2)
  A giant cockroach (D:8)
  A fungus (Lair:2)
  3 plants (Lair:2)
9 creatures vanquished.

Grand Total: 1004 creatures vanquished
